 Dungeon Crawl Stone Soup version 0.22-a0-268-g1cc83ef (webtiles) character file.

74 tidbits the Insei (level 4, 0/34 HPs)
             Began as a Gnoll Transmuter on Mar 9, 2018.
             Slain by an orc
             ... wielding a +0 hand axe
              (2 damage)
             ... on level 4 of the Dungeon.
             The game lasted 00:02:46 (321 turns).

tidbits the Insei (Gnoll Transmuter)                 Turns: 321, Time: 00:02:47

Health: 0/34       AC:  2    Str: 13    XL:     4   Next: 28%
Magic:  1/11       EV: 23    Int: 16    God:
Gold:   66         SH:  0    Dex: 20    Spells: 7/13 levels left

rFire    . . .     SeeInvis .     - Unarmed
rCold    . . .     Gourm    .   (shield currently unavailable)
rNeg     . . .     Faith    .   (armour currently unavailable)
rPois    x         Spirit   .   (helmet currently unavailable)
rElec    .         Reflect  .   (cloak currently unavailable)
rCorr    .         Harm     .   (gloves currently unavailable)
MR       .....                  (boots currently unavailable)
Stlth    ++........             (no amulet)
HPRegen  0.11/turn              (no ring)
MPRegen  0.12/turn              (no ring)

@: spider-form (expiring), very slightly contaminated
A: tiny, distributed training, strong nose
a: End Transformation


You were on level 4 of the Dungeon.
You were not hungry.
You were a venomous arachnid creature.
You visited 1 branch of the dungeon, and saw 4 of its levels.

You collected 66 gold pieces.

Inventory:

Hand Weapons
 g - a +0 dagger
Missiles
 a - 10 arrows
Armour
 b - a +0 robe (melded)
 f - a +0 ring mail
Scrolls
 e - 2 scrolls of identify {unknown}
 i - 2 scrolls of teleportation {unknown}
Potions
 c - a potion of lignification {unknown}
 h - a potion of curing {unknown}
Comestibles
 d - 2 rations


   Skills:
 + Level 2.7 Fighting
 + Level 1.0 Short Blades
 + Level 1.0 Long Blades
 + Level 1.0 Axes
 + Level 1.0 Maces & Flails
 + Level 1.0 Polearms
 + Level 1.0 Staves
 + Level 1.0 Slings
 + Level 1.0 Bows
 + Level 1.0 Crossbows
 + Level 1.0 Throwing
 + Level 1.0 Armour
 + Level 4.6 Dodging
 + Level 1.0 Stealth
 + Level 1.0 Shields
 + Level 6.6 Unarmed Combat
 + Level 5.0 Spellcasting
 + Level 0.8 Conjurations
 + Level 0.8 Hexes
 + Level 0.8 Charms
 + Level 0.8 Summonings
 + Level 0.8 Necromancy
 + Level 0.8 Translocations
 + Level 3.8 Transmutations
 + Level 0.8 Fire Magic
 + Level 0.8 Ice Magic
 + Level 0.8 Air Magic
 + Level 0.8 Earth Magic
 + Level 0.8 Poison Magic
 + Level 1.1 Invocations
 + Level 1.0 Evocations


You had 7 spell levels left.
You knew the following spells:

 Your Spells              Type           Power        Failure   Level  Hunger
e - Beastly Appendage     Tmut           ###...       11%         1    None
k - Sticks to Snakes      Tmut           ###.....     14%         2    #......
p - Spider Form           Tmut/Pois      ##........   36%         3    ###....


Dungeon Overview and Level Annotations

Branches:
Dungeon (4/15)
 Temple: D:4-7

Altars:


Innate Abilities, Weirdness & Mutations

Your experience applies equally to all skills.
((You have very sharp teeth.))
Your uncanny sense of smell can sniff out nearby items.


Message History

Your talons disappear.
You see here a ration.
d - 2 rations (gained 1)
You see here 11 gold pieces.
You now have 66 gold pieces (gained 11).
There is a stone staircase leading down here.
You climb downwards.
An iguana, a worker ant, a giant cockroach and an orc come into view.
Found 18 bolts.
There is a stone staircase leading up here.
Unknown command.
Casting: Beastly Appendage (safe; 3% risk of failure)
Confirm with . or Enter, or press ? or * to list all spells.
You turn into a venomous arachnid creature.
Your +0 robe melds into your body.
You hit the worker ant.
The worker ant is moderately wounded.
The orc shouts!
You hear a shout!
The worker ant closely misses you.
You hear a shout! x2
The iguana hisses angrily.
You hit the worker ant.
The worker ant is poisoned.
The worker ant is heavily wounded.
The worker ant completely misses you. 2 orcs come into view.
You bite the worker ant!
You kill the worker ant!
Your Invocations skill increases to level 1!
Casting: Spider Form (slightly dangerous; 38% risk of failure)
Confirm with . or Enter, or press ? or * to list all spells.
You miscast Sticks to Snakes.
You are very lightly contaminated with residual magic.
Your skin tingles.
The giant cockroach misses you.
Casting: Sticks to Snakes (safe; 14% risk of failure)
Confirm with . or Enter, or press ? or * to list all spells.
You fail to create any snakes.
The giant cockroach closely misses you. The giant cockroach closely misses you.
The iguana misses you.
You climb upwards.
There is a stone staircase leading down here.
Unknown command.
Casting: Sticks to Snakes (safe; 14% risk of failure)
Confirm with . or Enter, or press ? or * to list all spells.
You create a snake!
You now have 10 arrows.
The giant cockroach misses you. The iguana misses you.
The giant cockroach completely misses you.
You hit the iguana.
The iguana is poisoned.
The iguana is lightly wounded.
The iguana bites you.
* * * LOW HITPOINT WARNING * * *
Your ball python misses the iguana.
Your ball python closely misses the iguana.
The giant cockroach misses you.
You hit the iguana.
The iguana is severely wounded.
The iguana completely misses you. The giant cockroach misses you.
Your ball python bites the iguana but does no damage.
Your ball python grabs the iguana.
Your ball python constricts the iguana.
A kobold comes into view.
You hit the iguana.
The iguana looks as sick as possible!
The iguana is almost dead.
The iguana completely misses you.
The giant cockroach completely misses you.
Your ball python bites the iguana.
Your ball python constricts the iguana.
The iguana dies!
Your Short Blades skill increases to level 1!
Your Long Blades skill increases to level 1!
Your Axes skill increases to level 1!
Your Maces & Flails skill increases to level 1!
Your Polearms skill increases to level 1!
Your Staves skill increases to level 1!
Your Slings skill increases to level 1!
Your Bows skill increases to level 1!
Your Crossbows skill increases to level 1!
Your Throwing skill increases to level 1!
Your Armour skill increases to level 1!
Your Stealth skill increases to level 1!
Your Shields skill increases to level 1!
Your Evocations skill increases to level 1!
You have reached level 4!
You feel stronger.
Your ball python looks stronger.
The kobold throws a stone.
The stone hits you.
* * * LOW HITPOINT WARNING * * *
You bite the giant cockroach!
You kill the giant cockroach!
The kobold throws a stone.
The stone misses you.
Your transformation is almost over.
The kobold throws a stone.
The stone completely misses you.
You climb downwards.
An orc and an ogre come into view.
The ogre shouts!
The orc shouts!
The orc hits you with a hand axe.
* * * LOW HITPOINT WARNING * * *
The orc barely misses you.
The orc moves out of view.
The orc completely misses you. The orc hits you with a hand axe.
* * * LOW HITPOINT WARNING * * *
There is a stone staircase leading up here.
The orc hits you with a dagger.
* * * LOW HITPOINT WARNING * * *
The orc barely misses you. The orc hits you with a hand axe.
You die...

∆# #.####.#
#...so.#
#..oo....#
#.O#....#..#
#.o #....#
... ...
...... ( ##
#..##..# ..#
#.. ∆ #..
..#


You could see an ogre and 4 orcs.

Vanquished Creatures
  A worker ant (D:4)
  4 bats
  2 giant cockroaches (D:3)
  A goblin (D:2)
  2 hobgoblins
  4 jackals (D:2)
  3 kobolds
  A rat (D:1)
18 creatures vanquished.

Vanquished Creatures (collateral kills)
  An iguana (D:3)
  An adder (D:2)
2 creatures vanquished.

Grand Total: 20 creatures vanquished

Notes
Turn   | Place    | Note
-------+----------+-------------------------------------------
     0 | D:1      | tidbits the Gnoll Transmuter began the quest for the Orb.
     0 | D:1      | Reached XP level 1. HP: 17/17 MP: 6/6
    60 | D:2      | Reached XP level 2. HP: 22/23 MP: 7/7
    65 | D:2      | Learned a level 2 spell: Sticks to Snakes
   266 | D:3      | Reached XP level 3. HP: 13/28 MP: 7/9
   276 | D:3      | Reached skill level 5 in Spellcasting
   281 | D:3      | Learned a level 3 spell: Spider Form
   309 | D:4      | Reached skill level 1 in Invocations
   317 | D:3      | Reached skill level 1 in Short Blades
   317 | D:3      | Reached skill level 1 in Long Blades
   317 | D:3      | Reached skill level 1 in Axes
   317 | D:3      | Reached skill level 1 in Maces & Flails
   317 | D:3      | Reached skill level 1 in Polearms
   317 | D:3      | Reached skill level 1 in Staves
   317 | D:3      | Reached skill level 1 in Slings
   317 | D:3      | Reached skill level 1 in Bows
   317 | D:3      | Reached skill level 1 in Crossbows
   317 | D:3      | Reached skill level 1 in Throwing
   317 | D:3      | Reached skill level 1 in Armour
   317 | D:3      | Reached skill level 1 in Stealth
   317 | D:3      | Reached skill level 1 in Shields
   317 | D:3      | Reached skill level 1 in Evocations
   317 | D:3      | Reached XP level 4. HP: 17/34 MP: 1/11
   320 | D:4      | Noticed an ogre
   321 | D:4      | HP: 2/34 [orc/dagger (2)]
   321 | D:4      | Slain by an orc

Vault maps used:
D:1:      scummos_arrival_simple_crosswalls
D:2:      tgw_trog, minmay_quantized
D:3:      lemuel_coloured_pillars_altar, first_ration,
          nicolae_ru_sacrificial_ziggurat, uniq_robin
D:4:      tgw_sif, kennysheep_mini, minmay_misc_feat_iff

Skill      XL: |  1  2  3 |
---------------+----------+-----
Spellcasting   | 5 |  5.0
Invocations    | 1 |  1.1
Short Blades   | 1 |  1.0
Long Blades    | 1 |  1.0
Axes           | 1 |  1.0
Maces & Flails | 1 |  1.0
Polearms       | 1 |  1.0
Staves         | 1 |  1.0
Slings         | 1 |  1.0
Bows           | 1 |  1.0
Crossbows      | 1 |  1.0
Throwing       | 1 |  1.0
Armour         | 1 |  1.0
Stealth        | 1 |  1.0
Shields        | 1 |  1.0
Evocations     | 1 |  1.0
Fighting       | |  2.7
Dodging        | |  4.6
Unarmed Combat | |  6.6
Conjurations   | |  0.8
Hexes          | |  0.8
Charms         | |  0.8
Summonings     | |  0.8
Necromancy     | |  0.8
Translocations | |  0.8
Transmutations | |  3.8
Fire Magic     | |  0.8
Ice Magic      | |  0.8
Air Magic      | |  0.8
Earth Magic    | |  0.8
Poison Magic   | |  0.8

Action                   |  1- 3 |  4- 6 || total
-------------------------+-------+-------++-------
Melee: Unarmed           |    48 |     1 ||    49
       Headbutt          |     4 |       ||     4
       Kick              |     6 |       ||     6
       Punch             |     1 |       ||     1
       Bite              |     2 |       ||     2
 Cast: Beastly Appendage |    11 |       ||    11
       Sticks to Snakes  |     3 |       ||     3
       Spider Form       |     1 |       ||     1
 Stab: Sleeping          |     1 |       ||     1
Armor: Robe              |    15 |       ||    15
Dodge: Dodged            |    47 |     5 ||    52

Table legend:
 A = Spawn XP
 B = Non-spawn XP
 C = Spawn XP percentage of total XP
 D = Spawn monster count
 E = Non-spawn monster count
 F = Spawn count percentage of total count
 G = Total turns spent on level
                    A         B        C        D         E        F      G
               +---------+---------+-------+---------+---------+-------+---------
         Total |       0 |     106 |   0.0 |       0 |      20 |   0.0 |   321
               +---------+---------+-------+---------+---------+-------+---------
           D:1 |       0 |       5 |   0.0 |       0 |       3 |   0.0 |    63
           D:2 |       0 |      25 |   0.0 |       0 |       8 |   0.0 |   118
           D:3 |       0 |      44 |   0.0 |       0 |       8 |   0.0 |   131
           D:4 |       0 |      32 |   0.0 |       0 |       1 |   0.0 |     9
               +---------+---------+-------+---------+---------+-------+---------

Table legend:
 A = Turns spent in this place as a percentage of turns spent in the entire game.
 B = Non-inter-level travel turns spent in this place as a percentage of non-inter-level travel turns spent in the entire game.
 C = Inter-level travel turns spent in this place as a percentage of turns spent in this place.
 D = Turns resting spent in this place as a percentage of non-inter-level travel turns spent in this place.
 E = Turns spent auto-exploring this place as a percentage of non-inter-level travel turns spent in this place.
 F = Non-inter-level travel turns spent in this place divided by the number of levels of this place that you've seen.
                   A       B       C       D       E      F
               +-------+-------+-------+-------+-------+----------------------
         Total | 100.0 | 100.0 |   0.0 |   0.0 |   0.0 |  80.2
       Dungeon | 100.0 | 100.0 |   0.0 |   0.0 |   0.0 |  80.2
               +-------+-------+-------+-------+-------+----------------------

Table legend:
 A = Kills in this place as a percentage of kills in entire the game.
 B = Kills by you in this place as a percentage of kills by you in the entire game.
 C = Kills by friends in this place as a percentage of kills by friends in the entire game.
 D = Other kills in this place as a percentage of other kills in the entire game.
 E = Experience gained in this place as a percentage of experience gained in the entire game.
 F = Experience gained in this place divided by the number of levels of this place that you have seen.
                   A       B       C       D       E      F
               +-------+-------+-------+-------+-------+----------------------
         Total | 100.0 | 100.0 | 100.0 |   N/A | 100.0 |  26.5
       Dungeon | 100.0 | 100.0 | 100.0 |   N/A | 100.0 |  26.5
               +-------+-------+-------+-------+-------+----------------------

Vault maps used:
D:1:      scummos_arrival_simple_crosswalls
D:2:      tgw_trog, minmay_quantized
D:3:      lemuel_coloured_pillars_altar, first_ration,
          nicolae_ru_sacrificial_ziggurat, uniq_robin
D:4:      tgw_sif, kennysheep_mini, minmay_misc_feat_iff
